 Dungeon Crawl Stone Soup version 0.25.0-9-g26727b657a (console) character file.

Game seed: 16843517088197560670

104 AlterAsc the Skirmisher (level 4, -2/38 HPs)
             Began as a Demonspawn Fighter on June 17, 2020.
             Slain by Grinder (7 damage)
             ... on level 2 of the Dungeon.
             The game lasted 00:06:15 (2093 turns).

AlterAsc the Skirmisher (Demonspawn Fighter)        Turns: 2093, Time: 00:06:15

Health: -2/38      AC:  7    Str: 18    XL:     4   Next: 52%
Magic:  4/4        EV:  7    Int:  9    God:
Gold:   64         SH: 13    Dex: 12    Spells: 3/3 levels left

rFire    . . .     SeeInvis .   a - +0 flail
rCold    . . .     Gourm    .   c - +0 kite shield
rNeg     . . .     Faith    .   b - +0 scale mail
rPois    .         Spirit   .   u - +0 helmet
rElec    .         Reflect  .   (no cloak)
rCorr    .         Harm     .   (no gloves)
MR       .....                  (no boots)
Stlth    ..........             (no amulet)
HPRegen  0.12/turn              (no ring)
MPRegen  0.09/turn              (no ring)

@: mighty
A: talons 1, large bone plates 1
a: no special abilities


You were on level 2 of the Dungeon.
You were not hungry.

You visited 1 branch of the dungeon, and saw 3 of its levels.

You collected 64 gold pieces.

Inventory:

Hand Weapons
 a - a +0 flail (weapon)
Armour
 b - a +0 scale mail (worn)
 c - a +0 kite shield (worn)
 p - a +0 ring mail
 u - a +0 helmet (worn)
Jewellery
 l - an uncursed ring of flight {unknown}
Scrolls
 e - a scroll of magic mapping {unknown}
 h - a scroll of fear {unknown}
 j - 4 scrolls of teleportation {unknown}
 k - a scroll of random uselessness {unknown}
 m - a scroll of enchant armour {unknown}
 n - 4 scrolls of identify {unknown}
 o - 3 scrolls of remove curse {unknown}
 q - a scroll of blinking {unknown}
 t - a scroll of enchant weapon {unknown}
Potions
 d - a potion of might
 g - a potion of stabbing {unknown}
 r - a potion of lignification {unknown}
 s - a potion of heal wounds {unknown}
 v - a potion of mutation {unknown}
Comestibles
 f - 6 rations
 i - 6 chunks of flesh


   Skills:
 * Level 4.4 Fighting
 + Level 2.6 Maces & Flails
 - Level 2.7 Armour
 + Level 3.2 Shields


You had 3 spell levels left.
You didn't know any spells.
Your spell library was empty.

Dungeon Overview and Level Annotations

Branches:
Dungeon (3/15)

Altars:
Ashenzari
Dithmenos
Elyvilon
Kikubaaqudgha
Nemelex Xobeh
Qazlal
Sif Muna
Yredelemnul

Annotations:
D:2 Grinder
D:3 exclusion: upstairs


Innate Abilities, Weirdness & Mutations

You have sharp toenails.
You are partially covered in large bone plates. (SH +4)


Message History

Grinder gestures at you.
You suddenly lose the ability to move!
Grinder hits you but does no damage. Grinder hits you.
* * * LOW HITPOINT WARNING * * *
Grinder hits you but does no damage.
You can move again.
Press: ? - help, v - describe, . - travel
Here: Grinder, carrying a wand of random effects (11) (severely wounded)
A stone staircase leading down, spattered with blood.
Okay, then.
You feel very mighty all of a sudden. You block Grinder's attack.
You hit Grinder but do no damage.
Grinder is severely wounded.
You block Grinder's attack.
Your shield and scale mail prevent you from hitting Grinder.
Grinder is severely wounded.
Grinder hits you but does no damage. Grinder hits you!
You die...

#######
......#############
####...........5..#
.<.....#########@.######
#####..# #.......#
.####..### ##.####.#
.....)...# #.# #.#
.####..#.# #.# #.# ##
##..#.########.# #.#
####............#.## #.#
.......#...........#
#.##
####)....######.#..#
#..#


You could see Grinder.

Vanquished Creatures
  3 gnolls (D:3)
  2 adders (D:2)
  4 dart slugs
  2 leopard geckos (D:1)
  6 bats
  5 hobgoblins
  2 jackals (D:2)
  8 kobolds
  A quokka (D:3)
  4 frilled lizards
  7 goblins
  4 rats
48 creatures vanquished.

Notes
Turn   | Place    | Note
-------+----------+-------------------------------------------
     0 | D:1      | AlterAsc the Demonspawn Fighter began the quest for the
                  | Orb.
     0 | D:1      | Reached XP level 1. HP: 18/18 MP: 1/1
   143 | D:1      | Gained mutation: You are partially covered in large bone
                  | plates. (SH +4) [demonic ancestry]
   143 | D:1      | Reached XP level 2. HP: 18/24 MP: 2/2
   713 | D:1      | You fall into a shaft and drop 1 floor!
   825 | D:1      | Reached XP level 3. HP: 28/30 MP: 3/3
  1180 | D:2      | Reached skill level 4 in Fighting
  1191 | D:2      | Found a basalt altar of Yredelemnul.
  1533 | D:2      | Found a shadowy altar of Dithmenos.
  1723 | D:2      | Found an ancient bone altar of Kikubaaqudgha.
  1723 | D:2      | Found a shattered altar of Ashenzari.
  1729 | D:2      | Found a sparkling altar of Nemelex Xobeh.
  1733 | D:2      | Found a shimmering blue altar of Sif Muna.
  1735 | D:2      | Found a white marble altar of Elyvilon.
  1913 | D:3      | Found a stormy altar of Qazlal.
  1913 | D:3      | Noticed Grinder
  1963 | D:3      | Gained mutation: You have sharp toenails. [demonic
                  | ancestry]
  1963 | D:3      | Reached XP level 4. HP: 37/37 MP: 4/4
  2087 | D:2      | Paralysed by Grinder for 4 turns
  2093 | D:2      | Slain by Grinder

Illustrated notes

Levels and vault maps discovered:
D:1:      mushboom_english_gardens, layout_loops_ring, grunt_decor_fettered
D:2:      layout_loops_ring, lemuel_round_altar, yredelemnul_altar_generic,
          chequers_temple_overflow_minitemple, kennysheep_nub,
          minmay_tromino_v4_b
D:3:      layout_basic, overflow_temple_1_default, lemuel_doored_altar,
          minmay_pentangle, uniq_grinder

Skill      XL: |  1  2  3 |
---------------+----------+-----
Maces & Flails | 2 |  2.6
Fighting       | 4 |  4.4
Shields        | 3 |  3.2
Armour         | |  2.7

Action                   |  1- 3 |  4- 6 || total
-------------------------+-------+-------++-------
Melee: Flail             |   160 |    35 ||   195
       Kick              |       |     8 ||     8
  Use: Potion            |       |     1 ||     1
  Eat: Chunk             |     4 |       ||     4
Armor: Scale mail        |    69 |    14 ||    83
Dodge: Dodged            |    49 |     5 ||    54
Block: Kite shield       |    93 |    27 ||   120
